 Dungeon Crawl Stone Soup version 0.16-a0-3521-gb1b4986 (webtiles) character file.

91 Pikaro the Conjurer (level 4, -1/27 HPs)
             Began as an Octopode Conjurer on Jan 7, 2015.
             Slain by a killer bee (4 damage)
             ... on level 3 of the Dungeon.
             The game lasted 00:05:57 (3482 turns).

Pikaro the Conjurer (Octopode Conjurer)             Turns: 3482, Time: 00:05:57

Health: -1/27      AC:  1    Str:  7    XL:     4   Next: 59%
Magic:  5/7        EV: 12    Int: 18    God:
Gold:   157        SH:  0    Dex: 12    Spells: 1 memorised, 6 levels left

rFire  . . .     SeeInvis .     (no weapon)
rCold  . . .     Clarity  .     (no shield)
rNeg   . . .     SustAb   .     (helmet restricted)
rPois  .         Gourm    .     (no amulet)
rElec  .         Spirit   .     l - ring of teleportation (curse) {+/*tele, !d}
rCorr  .         Warding  .     (no ring)
rMut   .         Rnd*Tele +     (no ring)
MR     .....                    (no ring)
Stlth  +++.......               (no ring)
                                (no ring)
                                (no ring)
                                (no ring)

@: lethally poisoned, not resistant to hostile enchantments, fairly stealthy
A: almost no armour, amphibious, 8 rings, constrict 8, camouflage 1, gelatinous
body 1
a: Evoke Teleportation


You were on level 3 of the Dungeon.
You were not hungry.

You visited 1 branch of the dungeon, and saw 3 of its levels.

You collected 157 gold pieces.

Inventory:

Hand weapons
 o - a +0 blowgun
   (You took it off a kobold on level 3 of the Dungeon)
Missiles
 p - 15 poisoned needles
Jewellery
 l - a cursed ring of teleportation (left tentacle) {+/*tele, !d}
   (You found it on level 2 of the Dungeon)
Scrolls
 d - a scroll of magic mapping {unknown}
 m - a scroll of fog {unknown}
Potions
 e - a potion of agility {unknown}
 f - a potion of restore abilities {unknown}
 g - a potion of invisibility {unknown}
 i - a potion of cancellation
 k - 3 potions of flight
 n - a potion of brilliance {unknown}
Books
 c - a book of Conjurations
Comestibles
 b - 3 bread rations {@e1}
 j - 4 chunks of flesh {@w0}


   Skills:
 - Level 2.0 Dodging
 - Level 2.6 Stealth
 - Level 2.0 Spellcasting
 + Level 5.9 Conjurations


You had 6 spell levels left.
You knew the following spells:

 Your Spells              Type           Power        Failure   Level  Hunger
a - Magic Dart            Conj           ###.         1%          1    #......


Dungeon Overview and Level Annotations

Branches:
Dungeon (3/15)

Altars:
Ashenzari
Cheibriados
Nemelex Xobeh
Ru

Annotations:
D:3 Grinder


Innate Abilities, Weirdness & Mutations

You cannot wear most types of armour.
You are amphibious.
You can wear up to eight rings at the same time.
You can use your tentacles to constrict many enemies at once.
Your skin changes colour to match your surroundings (Stealth).
Your rubbery body absorbs attacks (AC +1).


Message History

You kill the giant cockroach!
You now have 2/7 mp.
You start resting.
MP restored: 7 Total turns waited: 45 You now have 157 gold pieces (gained 9).
You see here a stone.
There is a stone staircase leading up here.
Items here: ( )) † a hunting sling; an uncursed dagger; 12 stones; a goblin corpse You butcher the goblin corpse.
j - 4 chunks of flesh {@w0} (gained 1); a hunting sling; an uncursed dagger 12 stones
k - 3 potions of flight (gained 2)
A kobold comes into view. It is wielding a dagger.
The magic dart hits the kobold.
You kill the kobold!
You now have 6/7 mp. a dagger; a blowgun; 15 poisoned needles You start resting.
MP restored: 7 Total turns waited: 5 A giant cockroach comes into view.
The teleport trap disappears.
The giant cockroach disappears! a dagger; a blowgun; 15 poisoned needles
o - a blowgun;
p - 15 poisoned needles Wield which item (- for none, * to show all)? (? for menu, Esc to quit)
o - a +0 blowgun (weapon)
Wield which item (- for none, * to show all)? (? for menu, Esc to quit)
You are now empty-tentacled.
The giant cockroach is too close now for your liking.
The magic dart hits the giant cockroach.
You now have 6/7 mp.
The magic dart hits the giant cockroach.
You now have 5/7 mp.
You miscast Magic Dart.
You are very lightly contaminated with residual magic.
Sparks fly from your tentacles!
You now have 4/7 mp.
The magic dart hits the giant cockroach.
You kill the giant cockroach!
You now have 3/7 mp.
No target in view!
You see here a giant cockroach corpse.
You butcher the giant cockroach corpse.
j - 5 chunks of flesh {@w0} (gained 1)
You start resting.
Your magical contamination has completely faded away.
You regained 2 mp, and now have 5/7 mp.
You start resting.
A killer bee comes into view.
Spoiler Alert: The killer bee (wandering) is very fast and can poison!
Total turns waited: 20 You miscast Magic Dart.
You are very lightly contaminated with residual magic.
Strange energies run through your body. The killer bee stings you.
You are poisoned.
The killer bee poisons you! The killer bee barely misses you.
A killer bee comes into view.
You take 6 damage, and have 21/27 hp.
MASSIVE DAMAGE!!
You now have 4/7 mp.
Warning x2: The killer bee is very fast and can poison!
The killer bee (wandering) is very fast and can poison!
You feel sick. The killer bee stings you.
You take 3 damage, and have 18/27 hp.
Warning x2: The killer bee (wandering) is very fast and can poison!
The killer bee is very fast and can poison!
You feel sick. The killer bee stings you!
You see here 9 gold pieces.
You take 9 damage, and have 9/27 hp.
MASSIVE DAMAGE!!
Warning x2: The killer bee (wandering) is very fast and can poison!
The killer bee is very fast and can poison!
The killer bee misses you.
Some of the chunks of flesh in your inventory have rotted away.
Warning x2: The killer bee (wandering) is very fast and can poison!
The killer bee is very fast and can poison!
The killer bee closely misses you.
Warning x2: The killer bee (wandering) is very fast and can poison!
The killer bee is very fast and can poison!
Drink which item? (? for menu, Esc to quit)
You feel better. The killer bee stings you.
You are lethally poisoned!
The killer bee poisons you! The killer bee stings you.
A killer bee comes into view.
Warning x3: The killer bee (wandering) is very fast and can poison! x2
The killer bee is very fast and can poison!
Read which item? (? for menu, Esc to quit)
As you read the scroll of teleportation, it crumbles to dust.
You feel strangely unstable.
* * * LOW HITPOINT WARNING * * *
You feel sick. The killer bee closely misses you. The killer bee stings you.
* * * LOW HITPOINT WARNING * * *
You take 2 damage, and have 7/27 hp.
Warning x3: The killer bee (wandering) is very fast and can poison! x2
The killer bee is very fast and can poison!
Drink which item? (? for menu, Esc to quit)
It was a potion of cancellation.
You feel strangely stable.
Your magical contamination has completely faded away.
You feel magically purged.
* * * LOW HITPOINT WARNING * * *
You feel sick. The killer bee stings you.
* * * LOW HITPOINT WARNING * * *
The killer bee stings you.
You die...

.#.#.#>.......##
##...#.######..#######
#####....)............
#########y####### #..#
##.## #.y# ##y# #@#
#..# .## ##.# ..## ..
...## #.# #....##
#.##....... ######
#..#.....).#
#....#####.)........
#.##.##....)_..⌠.[_.


You could see 3 killer bees.

Vanquished Creatures
  2 adders
  A giant mite (D:1)
  A worm (D:2)
  4 giant cockroaches
  8 goblins
  15 hobgoblins
  3 jackals (D:2)
  5 bats
  3 giant newts (D:2)
  8 kobolds
  7 rats
57 creatures vanquished.

Notes
Turn   | Place    | Note
--------------------------------------------------------------
     0 | D:1      | Pikaro, the Octopode Conjurer, began the quest for the Orb.
     0 | D:1      | Reached XP level 1. HP: 11/11 MP: 3/3
   170 | D:1      | Reached XP level 2. HP: 17/17 MP: 0/4
   637 | D:1      | Reached XP level 3. HP: 21/21 MP: 3/6
   849 | D:1      | Reached skill level 5 in Conjurations
  2556 | D:2      | Reached XP level 4. HP: 27/27 MP: 5/7
  2692 | D:2      | Found a sacrificial altar of Ru.
  3207 | D:3      | Noticed Grinder
  3271 | D:3      | Found a snail-covered altar of Cheibriados.
  3279 | D:3      | Found a sparkling altar of Nemelex Xobeh.
  3310 | D:3      | Found a shattered altar of Ashenzari.
  3482 | D:3      | HP: 6/27 [poisoned by a killer bee]
  3482 | D:3      | Slain by a killer bee

Action                   |  1- 3 |  4- 6 || total
-------------------------+-------+-------++-------
Melee: Unarmed           |    17 |       ||    17
 Cast: Magic Dart        |    89 |    35 ||   124
  Use: Scroll            |     2 |     2 ||     4
       Potion            |       |     2 ||     2
  Eat: Chunk             |     4 |       ||     4
       Pizza             |     1 |       ||     1
       Bread ration      |       |     1 ||     1

Vault maps used:
D:1:      eino_arrival_cavern_a
D:2:      nicolae_overflow_hidden_temple, first_bread, corexii_hall_statues_s
D:3:      fiery_altar_vehumet, grunt_temple_overflow_open, ashenzari_altar_1,
          uniq_grinder

Table legend:
 A = Turns spent in this place as a percentage of turns spent in the entire game.
 B = Non-inter-level travel turns spent in this place as a percentage of non-inter-level travel turns spent in the entire game.
 C = Inter-level travel turns spent in this place as a percentage of turns spent in this place.
 D = Turns resting spent in this place as a percentage of non-inter-level travel turns spent in this place.
 E = Turns spent auto-exploring this place as a percentage of non-inter-level travel turns spent in this place.
 F = Non-inter-level travel turns spent in this place divided by the number of levels of this place that you've seen.
                   A       B       C       D       E      F
               +-------+-------+-------+-------+-------+----------------------
         Total | 100.0 | 100.0 |   0.4 |  22.6 |  16.3 | 175.3
       Dungeon | 100.0 | 100.0 |   0.4 |  22.6 |  16.3 | 175.3
               +-------+-------+-------+-------+-------+----------------------

Table legend:
 A = Kills in this place as a percentage of kills in entire the game.
 B = Kills by you in this place as a percentage of kills by you in the entire game.
 C = Kills by friends in this place as a percentage of kills by friends in the entire game.
 D = Other kills in this place as a percentage of other kills in the entire game.
 E = Experience gained in this place as a percentage of experience gained in the entire game.
 F = Experience gained in this place divided by the number of levels of this place that you have seen.
                   A       B       C       D       E      F
               +-------+-------+-------+-------+-------+----------------------
         Total | 100.0 | 100.0 |  -nan |  -nan | 100.0 |  43.7
       Dungeon | 100.0 | 100.0 |  -nan |  -nan | 100.0 |  43.7
               +-------+-------+-------+-------+-------+----------------------
